 Dungeon Crawl Stone Soup version 0.16.1-30-g34a7ffa (webtiles) character file.

283502 Miyamura the Spry (level 19, -2/93 HPs)
             Began as a Spriggan Enchanter on June 20, 2015.
             Was the Champion of Nemelex Xobeh.
             Killed from afar by a rakshasa (31 damage)
             ... with an orb of energy
             ... summoned by the player character
             ... on level 3 of the Elven Halls on June 21, 2015.
             The game lasted 07:03:42 (61777 turns).

Miyamura the Spry (Spriggan Enchanter)             Turns: 61777, Time: 07:03:58

Health: -2/93      AC: 15    Str:  3    XL:     19   Next: 33%
Magic:  6/42       EV: 35    Int: 21    God:    Nemelex Xobeh [******]
Gold:   4223       SH:  0    Dex: 17    Spells: 12 memorised, 4 levels left

rFire  . . .     SeeInvis +     B - +7 short sword of the Soothsayer {venom, +Fly}
rCold  + . .     Clarity  .     Y - +4 troll leather armour
rNeg   + . .     SustAb   .     (shield restricted)
rPois  +         Gourm    .     E - +2 hat
rElec  +         Spirit   .     p - +2 cloak {+Inv}
rCorr  .         Warding  +     (gloves unavailable)
rMut   .         Rnd*Tele +     (boots unavailable)
MR     +++..                    P - brooch of Shielding {Ward rN+ AC+4 EV+4}
Stlth  ++++......               s - ring of Dishonour {rElec rPois rC+}
                                o - ring of wizardry

@: very slightly contaminated, very quick, extremely resistant to hostile
enchantments, stealthy
A: unfitting armour, see invisible, blink 1, clumsy 1, deformed body, dopey 1,
herbivore 3, speed 3, slow metabolism 2, teleportitis 1
a: Blink, Triple Draw, Deal Four, Stack Five, Renounce Religion, Evoke
Invisibility, Evoke Flight
}: 3/15 runes: decaying, serpentine, slimy


You were on level 3 of the Elven Halls.
You worshipped Nemelex Xobeh.
Nemelex Xobeh was exalted by your worship.
You were not hungry.

You visited 8 branches of the dungeon, and saw 47 of its levels.
You also visited: Ossuary and Ice Cave.

You collected 5519 gold pieces.
You spent 1296 gold pieces at shops.

Inventory:

Hand weapons
 B - the +7 short sword of the Soothsayer (weapon) {venom, +Fly}
   (You found it on level 6 of the Pits of Slime)

   It poisons the flesh of those it strikes.
   It lets you fly.
Armour
 e - a +3 buckler
 p - a +2 cloak of invisibility (worn)
 E - a +2 hat (worn)
 Y - a +4 troll leather armour (worn)
Magical staves
 Z - an uncursed staff of wizardry
Jewellery
 f - an uncursed ring of positive energy
 o - a ring of wizardry (left hand)
 s - the ring of Dishonour (right hand) {rElec rPois rC+}
   (You found it on level 6 of the Pits of Slime)

   [ring of poison resistance]

   It protects you from cold.
   It insulates you from electricity.
   It protects you from poison.
 v - an uncursed amulet of resist corrosion
 F - an uncursed ring of sustain abilities
 I - an uncursed ring of protection from cold
 K - an uncursed amulet of warding
 P - the brooch of Shielding (around neck) {Ward rN+ AC+4 EV+4}
   (You found it on level 6 of the Pits of Slime)

   [amulet of warding]

   It may prevent the melee attacks of summoned creatures.
   It affects your AC (+4).
   It affects your evasion (+4).
   It protects you from negative energy.
 S - an uncursed ring of protection from fire
Magical devices
 k - a wand of digging (6)
 C - a wand of heal wounds (4)
 W - a wand of cold (2)
Scrolls
 a - a scroll of summoning
 g - 6 scrolls of teleportation
 q - 2 scrolls of blinking
 r - a scroll of enchant armour
 t - 9 scrolls of fog
 y - 6 scrolls of fear
 A - a scroll of magic mapping
 J - a scroll of amnesia
 M - 4 scrolls of recharging
 U - 9 scrolls of remove curse
Potions
 c - 2 potions of resistance
 h - 7 potions of restore abilities
 j - 13 potions of curing
 l - 6 potions of magic
 w - 6 potions of haste
 x - 8 potions of brilliance
 D - a potion of beneficial mutation
 G - 9 potions of agility
 R - 4 potions of heal wounds
Miscellaneous
 b - a legendary deck of escape {Velocity, left: 5}
 i - a fan of gales
 m - a plain deck of war {drawn: 11}
 n - a plain deck of wonders {Focus}
 u - an ornate deck of summoning {drawn: 7}
 z - a box of beasts {used: 2}
 H - a legendary deck of destruction {the Hammer, left: 1}
 N - a legendary deck of destruction
 O - a legendary deck of escape {Solitude, left: 4} {1}
 T - a phantom mirror
 V - a legendary deck of destruction {Degeneration, left: 4}
 X - a lamp of fire (inert)
Comestibles
 d - 10 bread rations
 L - 7 fruits


   Skills:
 - Level 8.0 Fighting
 - Level 11.6 Short Blades
 - Level 19.6 Dodging
 - Level 8.0 Stealth
 + Level 7.8 Shields
 - Level 16.3 Spellcasting
 - Level 6.4 Conjurations
 - Level 7.0 Hexes
 - Level 13.0 Transmutations
 - Level 7.3 Fire Magic
 - Level 3.7 Ice Magic
 - Level 6.3 Air Magic
 - Level 7.0 Earth Magic
 - Level 18.7 Evocations


You had 4 spell levels left.
You knew the following spells:

 Your Spells              Type           Power        Failure   Level  Hunger
a - Phase Shift           Tloc           ###.......   83%         5    ##.....
b - Bolt of Magma         Conj/Fire/Erth #####.....   4%          5    ##.....
c - Confuse               Hex            #####...     1%          3    None
d - Lightning Bolt        Conj/Air       #####.....   7%          5    ##.....
e - Ensorcelled Hibernat  Hex/Ice        #####.       1%          2    None
f - Fireball              Conj/Fire      #####.....   6%          5    ##.....
g - Cure Poison           Pois           ###.......   4%          2    None
h - Statue Form           Trmt/Erth      ######...    7%          6    #####..
i - Iron Shot             Conj/Erth      #####.....   41%         6    #####..
j - Control Undead        Necr           ###.......   38%         4    None
s - Sure Blade            Hex/Chrm       ####......   1%          2    None
t - Flame Tongue          Conj/Fire      #####        1%          1    None


Dungeon Overview and Level Annotations

Branches:
Dungeon (15/15)            Temple (1/1) D:5            Lair (8/8) D:8
  Swamp (5/5) Lair:4        Snake (5/5) Lair:5        Slime (6/6) Lair:7
    Orc (4/4) D:11            Elf (3/3) Orc:4        Vaults (0/5) D:13
 Depths (0/5) D:15

Altars:
Ashenzari
Cheibriados
Dithmenos
Elyvilon
Fedhas
Gozag
Kikubaaqudgha
Makhleb
Nemelex Xobeh
Okawaru
Qazlal
Ru
Sif Muna
Trog
Vehumet
Xom
Yredelemnul
Zin
Beogh
Jiyva

Shops:
Orc:3 }   Orc:4 (*![   Snake:1 !

Annotations:
D:4 1 runed door
Snake:4 Vashnia


Innate Abilities, Weirdness & Mutations

You are tiny and cannot use many weapons and most armour.
You have supernaturally acute eyesight.
You are a herbivore.
You cover ground extremely quickly.
You need consume almost no food.
You can translocate small distances at will.
You are clumsy. (Dex -2)
Armour fits poorly on your strangely shaped body.
You are dopey. (Int -2)
Space occasionally distorts in your vicinity.


Message History

The rakshasa hits you but does no damage.
The deep elf fighter gestures at you while chanting.
The magic dart hits you!
The deep elf knight blocks your water elemental's attack.
Your water elemental misses the deep elf knight.
The deep elf knight gestures at you while chanting.
The shard of ice hits your water elemental.
Your water elemental is destroyed!
Your water elemental barely misses the deep elf knight.
The deep elf fighter completely misses you.
The rakshasa hits you with a whip of electrocution.
The deep elf knight casts a spell.
The deep elf knight seems to speed up.
The deep elf knight mumbles some strange words.
The deep elf knight flickers and vanishes for a moment.
The rakshasa gestures at you.
The orb of energy hits the deep elf fighter.
The orb of energy explodes!
The mystic blast hits you!
You die...
Your body disappears without a glow.

......####+####.###'#'## #.###.
.....## *,* ##'...e.# #.# ##
.....# *,* ##).e..## #.# # ....##
*.* #...E≈..# #.# ....# *.#
###..)≈≈≈.## #.# *# ...'## *.#
#....≈Pe≈≈.# #.# #. ...#.## *.#
###...≈≈≈.## #.# ## #.###.## *.#
#...R≈..#* #.# # #.# ##.##*.#
##@e....######.# ## ### ##.##.#
##.#(....##..##'###.
##'#'###.###.#####.....##.#
##...#'## ### #......'##
##.....## #.?PP....#
#######.......##########..PPP⌠...
......'.......'........'..PP....#
#######.......##########......###
##.....## #....###


You could see a deep elf annihilator, a rakshasa, 2 deep elf knights, a deep elf
fighter and a friendly water elemental.

Vanquished Creatures
  the Lernaean hydra (Swamp:5)
  Nikola (Swamp:3)
  A deep elf blademaster (Elf:3)
  12 acid blobs
  A titan (Slime:6)
  The ghost of emiel the Cruncher, a mighty NaWn of Cheibriados (Elf:1)
  6 azure jellies
  3 greater nagas
  Donald (Swamp:3)
  Wiglaf (Swamp:5)
  3 deep elf sorcerers (Elf:3)
  Louise (Snake:4)
  A very ugly thing (D:12)
  2 deep elf demonologists (Elf:3)
  An ettin (IceCv)
  2 death oozes (Slime:5)
  A yaktaur captain (D:13)
  A fire dragon (D:15)
  A deep elf high priest (Elf:2)
  2 great orbs of eyes
  Fannar (D:15)
  2 ice dragons
  Harold (Lair:5)
  7 naga warriors
  2 ghost crabs (Swamp:3)
  14 anacondas
  16 dancing weapons (Elf:2)
  7 centaur warriors
  19 hydras
  2 death yaks (Lair:7)
  4 alligators
  7 shock serpents
  A tengu warrior (D:14)
  3 orc high priests (Orc:4)
  8 naga sharpshooters
  11 deep elf knights
  2 spriggans
  3 sea snakes (Snake:5)
  2 fire crabs (shapeshifter) (D:13)
  5 salamander mystics (Snake:5)
  8 lindwurms
  9 deep elf summoners
  4 deep trolls
  2 ice statues (IceCv)
  4 naga ritualists
  2 hill giants
  9 swamp dragons
  A giant orange brain (Slime:6)
  2 unseen horrors
  A griffon (Lair:6)
  An orb spider (Snake:5)
  6 salamanders
  2 orc knights
  2 orc sorcerers
  7 deep elf conjurers
  A wolf spider (Snake:5)
  2 ugly things
  13 elephants
  9 mana vipers
  30 black mambas
  An octopode (Snake:5)
  4 shining eyes
  3 guardian serpents
  9 torpor snails
  20 naga magi
  4 eyes of devastation
  2 centaur skeletons
  4 komodo dragons
  18 spiny frogs
  An orange demon (D:15)
  3 fire drakes
  A komodo dragon (shapeshifter) (Elf:1)
  An efreet (D:14)
  An elf (Snake:5)
  A yaktaur (Snake:5)
  13 deep elf priests
  A queen bee (D:9)
  A spriggan druid (Lair:4)
  A tengu conjurer (D:13)
  3 kobold demonologists
  2 two-headed ogres
  13 blink frogs
  6 giant leeches
  7 polar bears
  4 trolls
  A wind drake (shapeshifter) (D:13)
  4 bog bodies
  A merfolk (Slime:5)
  2 basilisks
  A raiju (Lair:8)
  7 baby alligators
  9 ravens
  A boulder beetle (Lair:8)
  A snapping turtle (Snake:5)
  50 slime creatures
  A trapdoor spider (D:15)
  A trapdoor spider (shapeshifter) (Elf:2)
  The ghost of Razmath the Magician, an average DENe of Sif Muna (D:4)
  A redback (shapeshifter) (Slime:6)
  3 shadows
  3 wyverns
  54 yaks
  2 redbacks (Elf:1)
  14 deep elf magi
  2 hungry ghosts
  A hill giant zombie (D:15)
  A human (Snake:5)
  A spriggan (shapeshifter) (D:14)
  A tarantella (Elf:1)
  A wraith (D:14)
  4 golden eyes
  A naga (shapeshifter) (D:13)
  3 fire bats (Lair:6)
  14 vampire mosquitoes
  A soldier ant (D:10)
  23 deep elf fighters
  A swamp worm (shapeshifter) (D:13)
  3 wargs
  23 wolves
  24 swamp worms
  8 hippogriffs
  3 insubstantial wisps
  25 nagas
  10 swamp drakes
  6 sky beasts
  8 porcupines
  29 water moccasins
  10 black bears
  2 hell hounds (Lair:8)
  A black bear (shapeshifter) (D:14)
  A dwarf (Snake:5)
  6 orc warriors
  6 wasps
  2 phantoms
  7 eyes of draining
  The ghost of cireshan the Conjurer, an average DgCj (D:3)
  14 ogres
  8 centaurs
  A boring beetle (Lair:7)
  24 ice beasts
  5 big kobolds
  4 brain worms (Lair:8)
  12 crocodiles
  A gnoll sergeant (D:8)
  23 giant frogs
  5 scorpions
  26 jellies
  A wyvern skeleton (D:13)
  22 killer bees
  8 electric eels
  8 wights (D:7)
  5 crimson imps
  A goliath beetle (D:8)
  2 wasp zombies
  22 hounds
  20 orc priests
  3 giant frog skeletons
  15 worker ants
  20 orc wizards
  A quasit (D:10)
  12 iguanas
  A killer bee zombie (D:8)
  A hell rat (Elf:1)
  Jessica (D:2)
  Terence (D:2)
  14 mummies
  A worker ant zombie (D:7)
  A hound skeleton (D:6)
  24 gnolls
  23 river rats
  2 shadow imps
  A giant mite (D:10)
  23 adders
  12 white imps (Lair:3)
  18 worms
  An ufetubus (D:15)
  3 oozes
  5 giant geckos
  102 orcs
  2 ball pythons
  A bat skeleton (D:6)
  4 giant cockroaches
  A gnoll skeleton (Ossuary)
  31 hobgoblins
  17 jackals
  7 quokkas
  13 bats
  5 giant newts
  50 goblins
  A goblin skeleton (Ossuary)
  A jackal skeleton (D:7)
  19 kobolds
  2 kobold skeletons (Ossuary)
  3 kobold zombies (D:15)
  2 orc skeletons (Ossuary)
  17 rats
  11 rat skeletons (Ossuary)
  3 ballistomycetes (D:9)
  A crawling corpse (Elf:1)
  2 fungi (Lair:7)
  7 plants
1482 creatures vanquished.

Vanquished Creatures (collateral kills)
  Saint Roka (Swamp:3)
  4 acid blobs (Slime:6)
  Rupert (D:15)
  Agnes (Swamp:1)
  A shadow dragon (Swamp:3)
  4 azure jellies
  2 greater nagas (Snake:5)
  Aizul (Swamp:4)
  A deep elf sorcerer (Elf:3)
  A spectral weapon (Swamp:3)
  A very ugly thing (Orc:2)
  2 deep elf annihilators
  An ettin (D:13)
  4 death oozes
  2 great orbs of eyes
  A deep elf high priest (Elf:3)
  4 naga warriors
  An ice dragon (Slime:6)
  A ghost crab (Swamp:4)
  2 hydras
  2 anacondas (Snake:5)
  A rakshasa (D:13)
  3 death yaks (Lair:7)
  A tengu warrior (D:14)
  3 orc high priests
  A centaur warrior (D:15)
  4 deep elf knights
  Nergalle (D:11)
  2 hill giants
  A deep elf summoner (Elf:1)
  An anubis guard (D:10)
  An unseen horror (D:11)
  A faun (Swamp:4)
  A mana viper (Snake:3)
  A griffon (IceCv)
  3 wolf spiders (Orc:2)
  A manticore (D:15)
  A black mamba (Snake:3)
  A storm dragon simulacrum (D:15)
  A gargoyle (D:12)
  Psyche (Orc:3)
  A spiny frog (Swamp:1)
  2 kobold demonologists (D:15)
  2 yaktaurs (Elf:1)
  A troll (D:14)
  A polar bear (Lair:8)
  2 wandering mushrooms (Swamp:1)
  A two-headed ogre (D:13)
  A komodo dragon (D:10)
  5 ravens
  2 bog bodies
  14 slime creatures
  A deep elf mage (Elf:3)
  A vampire (D:13)
  2 basilisks
  7 vampire mosquitoes
  2 deep elf fighters (Elf:3)
  A hippogriff (D:14)
  A yak (Lair:5)
  A redback (Orc:2)
  A golden eye (Slime:3)
  11 wargs
  2 insubstantial wisps (Swamp:2)
  8 wolves
  2 black bears
  9 orc warriors
  2 hell hounds (Lair:8)
  An eye of draining (Slime:3)
  An ice beast (D:15)
  2 ogres
  2 phantoms
  2 crocodiles
  A big kobold (D:11)
  A gnoll sergeant (D:10)
  A wyvern skeleton (D:13)
  5 killer bees
  5 electric eels (D:10)
  2 crimson imps
  An iron imp (D:15)
  24 orc priests
  6 jellies
  4 hounds
  A quasit (D:15)
  11 orc wizards
  2 hell rats (Elf:1)
  A hound zombie (D:10)
  A mummy (D:12)
  4 gnolls (D:10)
  8 river rats (Lair:8)
  4 shadow imps
  An ufetubus (D:15)
  A white imp (D:15)
  46 orcs
  4 goblins
  A hobgoblin (D:10)
  4 jackals (D:10)
  7 kobolds
  A giant newt (Swamp:3)
  A crawling corpse (Elf:1)
307 creatures vanquished.

Vanquished Creatures (others)
  A shadow dragon (Slime:5)
  2 very ugly things (Slime:6)
  A yaktaur captain (Slime:6)
  A rakshasa (D:13)
  A centaur warrior (Slime:6)
  2 dancing weapons
  A ball lightning (Swamp:5)
  A flayed ghost (Snake:5)
  An orb spider (Snake:5)
  A deep elf conjurer (Elf:2)
  A manticore (shapeshifter) (Slime:5)
  2 sixfirhies
  A faun (Swamp:4)
  2 molten gargoyles
  A spiny frog (Lair:7)
  2 fire elementals
  A yaktaur (Elf:1)
  4 polar bears
  2 wind drakes
  6 ravens
  A ynoxinul (Elf:3)
  A basilisk (D:13)
  7 water elementals
  24 air elementals
  4 yaks (Lair:7)
  A deep elf fighter (Elf:2)
  A warg (Lair:8)
  A wolf (Lair:7)
  9 vampire mosquitoes
  An insubstantial wisp (Lair:8)
  A mottled dragon (D:13)
  A swamp worm (Swamp:3)
  3 hell hounds
  2 chimeras (D:15)
  A water moccasin (Lair:7)
  3 black bears (Lair:8)
  An ice beast (D:13)
  4 centaurs
  7 killer bees
  An electric eel (Orc:2)
  A quasit (D:15)
  A mummy (Ossuary)
  A river rat (Lair:3)
  A worm (Snake:5)
  2 ufetubi (Elf:3)
  10 orcs
  A giant spore (D:9)
  2 kobold skeletons (Ossuary)
  5 butterflies (D:9)
  14 fungi (Lair:8)
  31 plants
177 creatures vanquished.

Grand Total: 1966 creatures vanquished

Notes
Turn   | Place    | Note
--------------------------------------------------------------
     0 | D:1      | Miyamura, the Spriggan Enchanter, began the quest for the Orb.
     0 | D:1      | Reached XP level 1. HP: 9/9 MP: 4/4
   596 | D:2      | Reached XP level 2. HP: 10/14 MP: 5/7
   606 | D:2      | Learned a level 2 spell: Ensorcelled Hibernation
   607 | D:2      | Noticed Jessica
   766 | D:2      | Killed Jessica
   766 | D:2      | Reached XP level 3. HP: 17/17 MP: 11/11
   932 | D:2      | Noticed Terence
   952 | D:2      | Killed Terence
   952 | D:2      | Reached skill level 1 in Fighting
  1277 | D:2      | Found a shadowy altar of Dithmenos.
  1863 | D:3      | Reached XP level 4. HP: 18/22 MP: 6/14
  2051 | D:3      | Noticed cireshan's ghost (average DgCj)
  2097 | D:3      | Learned a level 3 spell: Confuse
  2130 | D:3      | Found a white marble altar of Elyvilon.
  2543 | D:2      | Reached skill level 5 in Stealth
  2543 | D:2      | Reached XP level 5. HP: 17/25 MP: 12/17
  2651 | D:3      | Killed cireshan's ghost
  3069 | D:3      | Reached XP level 6. HP: 27/30 MP: 14/20
  3139 | D:3      | Found a sacrificial altar of Ru.
  3178 | D:3      | Reached skill level 5 in Dodging
  3317 | D:3      | Found a snail-covered altar of Cheibriados.
  3328 | D:3      | Found a glowing silver altar of Zin.
  3334 | D:3      | Found a shimmering altar of Xom.
  3369 | D:4      | Reached skill level 5 in Hexes
  3372 | D:4      | Found a glowing silver altar of Zin.
  3372 | D:4      | Found a runed door.
  3372 | D:4      | Noticed an angel
  3497 | D:4      | Noticed Razmath's ghost (average DENe)
  3530 | D:4      | Killed Razmath's ghost
  3530 | D:4      | Reached skill level 6 in Stealth
  3530 | D:4      | Reached XP level 7. HP: 26/33 MP: 12/22
  3832 | D:4      | Reached skill level 5 in Spellcasting
  3931 | D:4      | Found a deep blue altar of Sif Muna.
  4118 | D:4      | Reached skill level 7 in Stealth
  4500 | D:5      | Entered Level 5 of the Dungeon
  4715 | D:5      | Found a staircase to the Ecumenical Temple.
  4729 | Temple   | Entered the Ecumenical Temple
  4817 | Temple   | Became a worshipper of Nemelex Xobeh the Trickster
  5177 | D:5      | Received a gift from Nemelex Xobeh
  5194 | D:5      | Reached XP level 8. HP: 37/37 MP: 24/24
  6199 | D:5      | Reached skill level 5 in Short Blades
  6199 | D:5      | Reached skill level 8 in Stealth
  6487 | D:5      | Reached skill level 1 in Evocations
  7277 | D:6      | Received a gift from Nemelex Xobeh
  7513 | D:6      | Found a bloodstained altar of Trog.
  7536 | D:6      | Reached XP level 9. HP: 41/41 MP: 27/27
  7644 | D:6      | Found an iron altar of Okawaru.
  7718 | D:6      | Identified a scroll of acquirement
  7719 | D:6      | Identified the Handbook of Burning Blows and Bruises (You acquired it on level 6 of the Dungeon)
  7723 | D:6      | Learned a level 2 spell: Sure Blade
  7725 | D:6      | Learned a level 1 spell: Flame Tongue
  8203 | D:6      | Found a basalt altar of Yredelemnul.
  8478 | D:7      | Found a sand-covered staircase.
  8483 | Ossuary  | Entered an ossuary
  9067 | D:7      | Reached skill level 5 in Evocations
  9089 | D:7      | Reached skill level 9 in Dodging
  9241 | D:7      | Found a burning altar of Makhleb.
  9409 | D:8      | Found a staircase to the Lair.
  9450 | D:8      | Found an opulent altar of Gozag.
  9519 | D:8      | Received a gift from Nemelex Xobeh
  9626 | D:8      | Reached XP level 10. HP: 49/49 MP: 20/29
  9905 | D:8      | Found a bloodstained altar of Trog.
  9928 | D:8      | Found a blossoming altar of Fedhas.
  9997 | D:8      | Received a gift from Nemelex Xobeh
 10586 | D:9      | Reached skill level 10 in Dodging
 10703 | D:9      | Acquired Nemelex Xobeh's first power
 11460 | D:10     | Entered Level 10 of the Dungeon
 11477 | D:10     | Noticed a hill giant
 11482 | D:10     | Noticed a shining eye
 11482 | D:10     | a hill giant changed into a shining eye
 11484 | D:10     | Noticed an anubis guard
 11484 | D:10     | a shining eye changed into an anubis guard
 11493 | D:10     | Received a gift from Nemelex Xobeh
 12022 | Lair:1   | Entered Level 1 of the Lair of Beasts
 12339 | Lair:1   | Noticed a black mamba
 12372 | Lair:1   | Killed a black mamba
 12530 | Lair:1   | Reached skill level 11 in Dodging
 12544 | Lair:1   | Reached XP level 11. HP: 44/54 MP: 30/32
 12685 | Lair:1   | Got a transparent scimitar
 12686 | Lair:1   | Identified the +5 scimitar of Lukat {holy, rC++ Str+7} (You found it on level 1 of the Lair of Beasts)
 12787 | Lair:1   | Reached skill level 5 in Fighting
 12822 | Lair:1   | Reached skill level 10 in Spellcasting
 13138 | Lair:2   | Received a gift from Nemelex Xobeh
 13417 | Lair:2   | Noticed a seven-headed hydra
 13420 | Lair:2   | Killed a seven-headed hydra
 13630 | Lair:2   | Acquired Nemelex Xobeh's second power
 13718 | Lair:2   | Received a gift from Nemelex Xobeh
 13739 | Lair:2   | Reached skill level 12 in Dodging
 13904 | Lair:2   | Reached skill level 10 in Evocations
 14243 | Lair:3   | Found a frozen archway.
 14484 | IceCv    | Entered an ice cave
 14608 | IceCv    | Noticed an ice statue
 14608 | IceCv    | Noticed an ice statue
 14634 | IceCv    | Killed an ice statue
 14634 | IceCv    | Reached XP level 12. HP: 53/61 MP: 34/34
 14898 | IceCv    | Killed an ice statue
 15036 | IceCv    | Reached skill level 10 in Short Blades
 15051 | IceCv    | Noticed an ice dragon
 15051 | IceCv    | Noticed an ice dragon
 15059 | IceCv    | an ice dragon changed into a griffon
 15059 | IceCv    | Noticed an ettin
 15059 | IceCv    | an ice dragon changed into an ettin
 15060 | IceCv    | Killed an ettin
 15517 | Lair:3   | Found a bloodstained altar of Trog.
 16446 | Lair:4   | Received a gift from Nemelex Xobeh
 16513 | Lair:4   | Reached skill level 1 in Fire Magic
 16524 | Lair:4   | You fall through a shaft!
 16790 | Lair:5   | Acquired Nemelex Xobeh's third power
 16841 | Lair:5   | Reached skill level 13 in Dodging
 17166 | Lair:5   | Found a staircase to the Snake Pit.
 17179 | Lair:5   | Noticed Harold
 17188 | Lair:5   | Killed Harold
 17315 | Lair:5   | Received a gift from Nemelex Xobeh
 17945 | Lair:4   | Received a gift from Nemelex Xobeh
 17965 | Lair:4   | Found a staircase to the Swamp.
 18670 | Lair:6   | Found a snail-covered altar of Cheibriados.
 18759 | Lair:6   | Noticed a five-headed hydra
 18764 | Lair:6   | Killed a five-headed hydra
 18825 | Lair:6   | Noticed a five-headed hydra
 18833 | Lair:6   | Killed a five-headed hydra
 18833 | Lair:6   | Reached XP level 13. HP: 67/67 MP: 34/36
 19160 | Lair:6   | Received a gift from Nemelex Xobeh
 19417 | Lair:6   | Reached skill level 14 in Dodging
 20250 | Lair:7   | Found a viscous altar of Jiyva.
 20251 | Lair:7   | Found a staircase to the Slime Pits.
 20271 | Lair:7   | Received a gift from Nemelex Xobeh
 20890 | Lair:7   | Received a gift from Nemelex Xobeh
 21167 | Lair:8   | Entered Level 8 of the Lair of Beasts
 21235 | Lair:8   | Reached skill level 1 in Conjurations
 21450 | Lair:8   | Found a snail-covered altar of Cheibriados.
 21937 | Lair:8   | Received a gift from Nemelex Xobeh
 22481 | Lair:8   | Learned a level 5 spell: Fireball
 22569 | Lair:8   | Found a runed door.
 22617 | Lair:8   | Reached skill level 15 in Dodging
 22812 | Lair:8   | Reached skill level 5 in Fire Magic
 23003 | Lair:8   | Reached XP level 14. HP: 73/73 MP: 34/37
 23788 | Lair:8   | Received a gift from Nemelex Xobeh
 25150 | D:10     | Killed an anubis guard
 25593 | D:10     | Received a gift from Nemelex Xobeh
 26066 | D:11     | Noticed Nergalle
 26074 | D:11     | Killed Nergalle
 26220 | D:11     | Received a gift from Nemelex Xobeh
 26617 | D:11     | Found a staircase to the Orcish Mines.
 26774 | D:11     | Received a gift from Nemelex Xobeh
 27159 | Orc:1    | Entered Level 1 of the Orcish Mines
 27159 | Orc:1    | Received a gift from Nemelex Xobeh
 27238 | Orc:1    | Found a shimmering altar of Xom.
 27291 | Orc:1    | Received a gift from Nemelex Xobeh
 27672 | Orc:2    | Received a gift from Nemelex Xobeh
 28520 | Orc:3    | Noticed Psyche
 28531 | Orc:3    | Received a gift from Nemelex Xobeh
 28531 | Orc:3    | Killed Psyche
 28714 | Orc:3    | Found Chaag's Gadget Emporium.
 28790 | Orc:3    | Received a gift from Nemelex Xobeh
 29119 | Orc:3    | Found a roughly hewn altar of Beogh.
 29238 | Orc:4    | Entered Level 4 of the Orcish Mines
 29279 | Orc:4    | Received a gift from Nemelex Xobeh
 29303 | Orc:4    | Found a staircase to the Elven Halls.
 29641 | Orc:4    | Reached skill level 16 in Dodging
 29809 | Orc:4    | Received a gift from Nemelex Xobeh
 30171 | Orc:4    | Learned a level 5 spell: Lightning Bolt
 30177 | Orc:4    | Learned a level 5 spell: Ignite Poison
 30187 | Orc:4    | Found Khoigymn's Antique Armour Emporium.
 30187 | Orc:4    | Found Otinel's Distillery.
 30359 | Orc:4    | Found a roughly hewn altar of Beogh.
 30543 | Orc:4    | Found Grehoykk's Antique Weapon Boutique.
 30543 | Orc:4    | Found Awatani's General Store.
 30826 | Orc:4    | Bought a bread ration for 70 gold pieces
 30826 | Orc:4    | Bought a scroll of identify for 28 gold pieces
 30887 | Orc:4    | Bought a potion of haste for 140 gold pieces
 30887 | Orc:4    | Bought a potion of resistance for 140 gold pieces
 30887 | Orc:4    | Bought 2 potions of agility for 112 gold pieces
 30887 | Orc:4    | Bought a potion of restore abilities for 70 gold pieces
 30887 | Orc:4    | Bought a potion of restore abilities for 70 gold pieces
 30969 | Orc:4    | Received a gift from Nemelex Xobeh
 31124 | Orc:4    | Reached skill level 1 in Air Magic
 31543 | D:12     | Received a gift from Nemelex Xobeh
 31692 | D:12     | Received a gift from Nemelex Xobeh
 32137 | D:12     | Received a gift from Nemelex Xobeh
 33049 | D:13     | Received a gift from Nemelex Xobeh
 33225 | D:13     | Reached skill level 15 in Evocations
 33304 | D:13     | Learned a level 2 spell: Cure Poison
 33341 | D:13     | Reached XP level 15. HP: 58/77 MP: 36/38
 33566 | D:13     | Found a gate to the Vaults.
 33615 | D:13     | Learned a level 6 spell: Statue Form
 33670 | D:13     | Received a gift from Nemelex Xobeh
 33873 | D:13     | Reached skill level 1 in Transmutations
 34281 | D:14     | Received a gift from Nemelex Xobeh
 34669 | D:15     | Entered Level 15 of the Dungeon
 34673 | D:15     | Noticed Ryasyq the pandemonium lord
 34808 | D:15     | Noticed Fannar
 34827 | D:15     | Killed Fannar
 34891 | D:15     | Reached skill level 5 in Conjurations
 34978 | D:15     | Received a gift from Nemelex Xobeh
 35094 | D:15     | Noticed Rupert
 35103 | D:15     | Killed Rupert
 35300 | D:15     | Received a gift from Nemelex Xobeh
 35347 | D:15     | Found a staircase to the Depths.
 35674 | Lair:1   | Learned a level 5 spell: Bolt of Magma
 35800 | Swamp:1  | Entered Level 1 of the Swamp
 36048 | Swamp:1  | Noticed Agnes
 36092 | Swamp:1  | Killed Agnes
 36092 | Swamp:1  | Reached skill level 1 in Earth Magic
 36194 | Swamp:1  | Reached skill level 17 in Dodging
 36239 | Swamp:1  | Received a gift from Nemelex Xobeh
 36682 | Swamp:2  | Received a gift from Nemelex Xobeh
 36898 | Swamp:2  | Received a gift from Nemelex Xobeh
 36971 | Swamp:2  | Reached skill level 5 in Transmutations
 37642 | Swamp:3  | Received a gift from Nemelex Xobeh
 37656 | Swamp:3  | Noticed Nikola
 37696 | Swamp:3  | Killed Nikola
 37697 | Swamp:3  | Noticed Saint Roka
 37717 | Swamp:3  | Noticed Qomoishri the pandemonium lord
 37717 | Swamp:3  | Noticed Wajoq the pandemonium lord
 37722 | Swamp:3  | Killed Saint Roka
 37874 | Swamp:3  | Noticed Donald
 37886 | Swamp:3  | Killed Donald
 38063 | Swamp:3  | Noticed Asterion
 38087 | Swamp:3  | Noticed Asterion
 38087 | Swamp:3  | Asterion changed into Asterion the shadow dragon
 38118 | Swamp:3  | Killed Asterion the shadow dragon
 38118 | Swamp:3  | Reached XP level 16. HP: 81/81 MP: 35/39
 38154 | Swamp:3  | Got an ancient hand crossbow
 38155 | Swamp:3  | Identified the +8 hand crossbow of the Exiled Ships {freeze, rF- rN+ Dex+7 Stlth+} (You found it on level 3 of the Swamp)
 38232 | Swamp:3  | Received a gift from Nemelex Xobeh
 38967 | Swamp:4  | Received a gift from Nemelex Xobeh
 39199 | Swamp:4  | Identified the Papyrus of Gliding Conjuration
 39264 | Swamp:4  | Noticed Aizul
 39289 | Swamp:4  | Noticed Siwkicao the pandemonium lord
 39291 | Swamp:4  | Killed Aizul
 39419 | Swamp:5  | Entered Level 5 of the Swamp
 39459 | Swamp:5  | Received a gift from Nemelex Xobeh
 39643 | Swamp:5  | Noticed Wiglaf
 39666 | Swamp:5  | Killed Wiglaf
 40153 | Swamp:5  | Noticed the 27-headed Lernaean hydra
 40193 | Swamp:5  | Killed the 27-headed Lernaean hydra
 40193 | Swamp:5  | Reached skill level 18 in Dodging
 40598 | Swamp:5  | Got a decaying rune of Zot
 40949 | Swamp:4  | Received a gift from Nemelex Xobeh
 41207 | Snake:1  | Entered Level 1 of the Snake Pit
 41207 | Snake:1  | Found Stomaluf's Distillery.
 41211 | Snake:1  | Bought a potion of curing for 54 gold pieces
 41211 | Snake:1  | Bought a potion of resistance for 180 gold pieces
 41211 | Snake:1  | Bought a potion of heal wounds for 90 gold pieces
 41211 | Snake:1  | Bought a potion of magic for 144 gold pieces
 41211 | Snake:1  | Bought a potion of curing for 54 gold pieces
 41211 | Snake:1  | Bought a potion of magic for 144 gold pieces
 41265 | Snake:1  | Reached skill level 5 in Earth Magic
 41299 | Snake:1  | Reached skill level 15 in Spellcasting
 41606 | Snake:1  | Received a gift from Nemelex Xobeh
 41986 | Snake:1  | Received a gift from Nemelex Xobeh
 42241 | Snake:2  | Learned a level 4 spell: Control Undead
 42828 | Snake:2  | Received a gift from Nemelex Xobeh
 43685 | Snake:3  | Received a gift from Nemelex Xobeh
 43846 | Snake:3  | Received a gift from Nemelex Xobeh
 44133 | Snake:3  | Reached XP level 17. HP: 85/85 MP: 36/40
 44429 | Snake:3  | Received a gift from Nemelex Xobeh
 44441 | Snake:3  | Learned a level 6 spell: Invisibility
 44934 | Snake:4  | Received a gift from Nemelex Xobeh
 45165 | Snake:4  | Found a shattered altar of Ashenzari.
 45285 | Snake:4  | Gained mutation: You can translocate small distances at will. [potion of beneficial mutation]
 45300 | Snake:4  | Noticed Vashnia
 45300 | Snake:4  | Noticed Vashnia
 45300 | Snake:4  | Vashnia changed into Vashnia the dire elephant
 45453 | Snake:4  | Noticed Louise
 45457 | Snake:4  | Killed Louise
 45554 | Snake:4  | Received a gift from Nemelex Xobeh
 45665 | Snake:4  | Reached skill level 10 in Transmutations
 45924 | Snake:5  | Entered Level 5 of the Snake Pit
 46079 | Snake:5  | Learned a level 5 spell: Phase Shift
 46765 | Snake:5  | Reached skill level 19 in Dodging
 47335 | Snake:5  | Received a gift from Nemelex Xobeh
 48833 | Snake:5  | Gained mutation: You are clumsy. (Dex -2) [a shining eye]
 49223 | Snake:5  | Gained mutation: You are dopey. (Int -2) [a shining eye]
 49663 | Snake:5  | Got a serpentine rune of Zot
 50107 | Slime:1  | Entered Level 1 of the Pits of Slime
 50694 | Slime:2  | Reached skill level 1 in Ice Magic
 50694 | Slime:2  | Reached XP level 18. HP: 39/90 MP: 32/42
 50808 | Slime:3  | Received a gift from Nemelex Xobeh
 51316 | Slime:4  | HP: 1/90 [cloud of thunder (89)]
 51325 | Slime:4  | Drew Focus: Int increased to 23, Str decreased to 3
 51326 | Slime:4  | Gained mutation: Armour fits poorly on your strangely shaped body. [a shining eye]
 51539 | Slime:3  | Reached skill level 5 in Air Magic
 51722 | Slime:6  | Entered Level 6 of the Pits of Slime
 51892 | Slime:6  | Noticed a caustic shrike
 51892 | Slime:6  | an acid blob changed into a caustic shrike
 52844 | Slime:6  | Noticed the royal jelly
 52851 | Slime:6  | Noticed a titan shaped Royal Jelly
 52851 | Slime:6  | the royal jelly changed into a titan shaped Royal Jelly
 53151 | Slime:6  | Killed a titan shaped Royal Jelly
 53267 | Slime:4  | XOM: enchant monster (good)
 55540 | Slime:6  | Gained mutation: Space occasionally distorts in your vicinity. [a shining eye]
 55556 | Slime:6  | Received a gift from Nemelex Xobeh
 55576 | Slime:6  | Got a slimy rune of Zot
 55666 | Slime:6  | Got a polished short sword
 55667 | Slime:6  | Identified the +7 short sword of the Soothsayer {venom, +Fly} (You found it on level 6 of the Pits of Slime)
 55717 | Slime:6  | Got an ichor-stained war axe
 55718 | Slime:6  | Lost strength.
 55718 | Slime:6  | Identified the +4 war axe "Stuq" {antimagic, rF+++ Str-4} (You found it on level 6 of the Pits of Slime)
 55742 | Slime:6  | Got an ancient lead amulet
 55744 | Slime:6  | Identified the amulet "Viecviam" {rMut -Cast Str+4 Dex+7} (You found it on level 6 of the Pits of Slime)
 55809 | Slime:6  | Got a shimmering tin ring
 55811 | Slime:6  | Lost strength.
 55811 | Slime:6  | Identified the ring "Ghawn" {Str-5 Int+4 Dex+3 SInv Stlth+} (You found it on level 6 of the Pits of Slime)
 55846 | Slime:6  | Got a transparent marble ring
 55847 | Slime:6  | Identified the ring of Dishonour {rElec rPois rC+} (You found it on level 6 of the Pits of Slime)
 56278 | Lair:1   | Learned a level 6 spell: Iron Shot
 56913 | Elf:1    | Entered Level 1 of the Elven Halls
 56917 | Elf:1    | Noticed emiel's ghost (mighty NaWn)
 57082 | Elf:1    | Killed emiel's ghost
 57082 | Elf:1    | Reached skill level 1 in Shields
 57523 | Elf:1    | Received a gift from Nemelex Xobeh
 58317 | Elf:2    | Received a gift from Nemelex Xobeh
 58556 | Elf:2    | Found a runed gate.
 58562 | Elf:2    | Found a runed gate.
 58562 | Elf:2    | Found a runed gate.
 58837 | Elf:2    | Received a gift from Nemelex Xobeh
 59227 | Elf:2    | Reached skill level 5 in Shields
 59395 | Elf:2    | Reached XP level 19. HP: 87/93 MP: 42/42
 60293 | Elf:3    | Entered Level 3 of the Elven Halls
 60685 | Elf:3    | Received a gift from Nemelex Xobeh
 61777 | Elf:3    | Killed from afar by a rakshasa

Action                   |  1- 3 |  4- 6 |  7- 9 | 10-12 | 13-15 | 16-18 | 19-21 || total
-------------------------+-------+-------+-------+-------+-------+-------+-------++-------
Melee: Dagger            |    72 |    95 |   622 |   720 |  1888 |  1289 |       ||  4686
       Short sword       |       |       |       |       |       |   252 |    91 ||   343
 Cast: Corona            |     1 |       |       |       |       |       |       ||     1
       Ensorcelled Hiber |    18 |    22 |    91 |   134 |   126 |    65 |       ||   456
       Confuse           |       |    12 |    40 |    73 |   184 |   304 |     5 ||   618
       Flame Tongue      |       |       |    21 |     9 |       |       |       ||    30
       Fireball          |       |       |       |       |    14 |     9 |       ||    23
       Sure Blade        |       |       |       |       |     1 |     6 |     4 ||    11
       Lightning Bolt    |       |       |       |       |     2 |    37 |    17 ||    56
       Bolt of Magma     |       |       |       |       |     3 |   186 |    26 ||   215
       Ignite Poison     |       |       |       |       |       |    71 |       ||    71
       Cure Poison       |       |       |       |       |       |     1 |       ||     1
       Statue Form       |       |       |       |       |       |     4 |       ||     4
       Iron Shot         |       |       |       |       |       |     1 |       ||     1
Invok: Triple Draw       |       |       |       |     3 |       |       |       ||     3
       Deal Four         |       |       |       |     2 |     2 |     1 |       ||     5
       Stack Five        |       |       |       |       |       |     5 |       ||     5
 Abil: Evoke Invisibilit |       |       |     3 |    23 |    19 |     6 |     4 ||    55
       Evoke Flight      |       |       |       |     1 |    22 |    23 |       ||    46
       End Transformatio |       |       |       |       |       |     2 |       ||     2
       Blink             |       |       |       |       |       |     1 |       ||     1
Evoke: Deck              |       |       |       |     9 |   209 |   103 |    12 ||   333
       Wand              |       |       |       |    33 |    15 |    51 |     2 ||   101
       Lamp of fire      |       |       |       |       |     2 |     3 |     1 ||     6
       Box of beasts     |       |       |       |       |    10 |    13 |       ||    23
       Fan of gales      |       |       |       |       |     3 |     7 |       ||    10
  Use: Scroll            |     5 |     3 |    16 |    18 |    22 |    29 |     2 ||    95
       Potion            |       |       |     1 |     2 |    14 |    12 |     1 ||    30
 Stab: Sleeping          |     8 |    16 |    92 |   122 |   162 |    88 |    18 ||   506
       Confused          |       |     5 |    19 |    28 |   102 |   163 |     2 ||   319
       Distracted        |       |       |     2 |     1 |    14 |    12 |       ||    29
       Invisible         |       |       |     9 |    74 |    42 |    24 |    10 ||   159
       Fleeing           |       |       |       |       |     1 |       |       ||     1
       Petrified         |       |       |       |       |       |     2 |       ||     2
  Eat: Bread ration      |       |     1 |     1 |     1 |       |     5 |     1 ||     9
       Pizza             |       |       |     1 |     2 |     2 |     1 |       ||     6
       Fruit             |       |       |       |     9 |    21 |     8 |     3 ||    41
       Royal jelly       |       |       |       |     1 |     8 |    13 |       ||    22
